Map: [ESL] Tropical Sacrifice

Players

Elazer - Winner!

  • Race: Zerg Zerg
  • Spawn Location: 7:00

Reynor

  • Race: Zerg Zerg
  • Spawn Location: 1:00

Event: DreamHack SC2 Masters 2022 Atlanta (Online)

VOD

Have the link to the VOD?

Description

Time

  • Played on: Oct. 9, 2022, 12:18 p.m.
  • Length: 9:09

All games in this series

Show
View Real Time Build Order
Export as new Build Order

Elazer Zerg - Winner!

Build Orders: Hatch First 

Get SALT Encoding   

  12  0:00  Drone  
  13  0:13  Overlord  
  13  0:17  Drone  
  14  0:31  Drone x2  
  16  0:50  Hatchery  
  16  0:52  Drone  
  16  0:56  Drone  
  17  0:59  Drone  
  18  1:10  Extractor  
  17  1:15  Spawning Pool  
  17  1:18  Drone  
  17  1:21  Drone  
  18  1:29  Drone  
  19  1:39  Drone  
  20  1:50  Drone  
  21  2:01  Queen x2  
  21  2:02  Zergling x2, Overlord  
  26  2:10  Metabolic Boost  
  26  2:11  Drone  
  26  2:14  Drone  
  28  2:22  Drone  
  29  2:23  Drone  
  30  2:32  Drone  
  30  2:34  Drone  
  32  2:41  Hatchery  
  31  2:45  Zergling x2  
  31  2:50  Overlord  
  32  2:54  Baneling Nest  
  32  2:57  Zergling x2  
  32  3:00  Drone  
  33  3:06  Drone x2  
  33  3:09  Overlord  
  33  3:10  Drone  
  36  3:17  Zergling x6  
  38  3:22  Queen  
  38  3:26  Zergling x2  
  41  3:31  Zergling x2  
  41  3:32  Zergling x4  
  44  3:39  Zergling x4  
  45  3:43  Baneling x2  
  47  3:49  Zergling x6  
  50  4:03  Overlord  
  50  4:06  Drone x7  
  57  4:13  Extractor  
  57  4:16  Evolution Chamber  
  53  4:17  Roach Warren  
  53  4:18  Drone x3  
  56  4:25  Overlord  
  56  4:28  Drone  
  56  4:29  Drone  
  58  4:34  Drone x3  
  60  4:47  Overlord  
  60  4:57  Roach x7  
  73  5:09  Roach  
  73  5:10  Roach x3  
  73  5:11  Overlord x2  
  73  5:12  Overlord  
  80  5:19  Overlord  
  76  5:30  Roach x8  
  76  5:35  Drone  
  88  5:37  Drone x4  
  91  5:45  Roach x3  
  91  5:49  Roach  
  98  5:50  Extractor  
  98  5:54  Roach  
  98  5:55  Zergling x8  
  103  5:59  Spine Crawler  
  103  6:03  Roach x2  
  106  6:11  Overlord x3  
  107  6:19  Overlord  
  107  6:32  Zergling x20  
  117  6:39  Baneling  
  117  6:40  Baneling x7  
  117  6:42  Zergling x6  
  120  6:47  Zergling x12  
  126  7:00  Zergling x10  
  119  7:02  Zergling x2  
  119  7:06  Zergling x2  
  110  7:09  Zergling x2  
  110  7:12  Zergling x8  
  106  7:21  Zergling x6  
  106  7:22  Lair  
  104  7:28  Roach x6  
  108  7:33  Roach  
  107  7:39  Roach x2  
  106  7:45  Zergling x12  
  106  7:48  Ravager  
  106  7:49  Ravager  
  108  7:52  Roach x3  
  108  7:58  Zergling x8  
  107  8:05  Zergling x2  
  105  8:14  Ravager  
  105  8:15  Zergling x10  
  106  8:22  Zergling x8  
  106  8:26  Extractor  
  107  8:28  Roach x2  
  109  8:36  Drone  
Show
View Real Time Build Order
Export as new Build Order

Reynor Zerg 

Build Orders: Hatch First 

Get SALT Encoding   

  12  0:00  Drone  
  13  0:12  Overlord  
  13  0:17  Drone  
  14  0:30  Drone x2  
  16  0:49  Hatchery  
  15  0:52  Drone  
  15  0:56  Drone  
  17  0:59  Drone  
  18  1:06  Extractor  
  17  1:15  Spawning Pool  
  17  1:18  Drone  
  17  1:22  Drone  
  18  1:28  Drone  
  19  1:38  Drone  
  20  1:49  Drone  
  21  2:02  Queen x2  
  21  2:04  Zergling x2  
  21  2:05  Metabolic Boost  
  26  2:09  Overlord  
  26  2:13  Drone  
  27  2:16  Zergling x2  
  28  2:28  Drone x2  
  30  2:37  Hatchery  
  30  2:40  Drone  
  30  2:43  Drone  
  31  2:48  Drone  
  31  2:50  Overlord  
  32  2:54  Zergling x2  
  32  2:58  Zergling x2  
  34  3:06  Zergling x4  
  36  3:15  Zergling x12  
  36  3:19  Baneling Nest  
  40  3:22  Overlord  
  40  3:25  Drone  
  41  3:33  Drone  
  41  3:34  Overlord  
  42  3:43  Drone x2  
  42  3:44  Drone x2  
  42  3:46  Drone  
  46  3:48  Queen  
  46  3:54  Drone x2  
  48  4:05  Zergling x4  
  48  4:06  Zergling x4, Baneling x2  
  48  4:08  Drone  
  48  4:09  Drone  
  52  4:11  Overlord  
  52  4:15  Extractor  
  51  4:21  Zergling x6, Roach Warren  
  51  4:24  Baneling x2  
  52  4:26  Drone  
  52  4:27  Drone  
  52  4:28  Baneling  
  54  4:33  Drone x3  
  54  4:35  Overlord  
  57  4:44  Drone  
  57  4:47  Extractor  
  57  4:48  Drone x3  
  57  5:01  Drone x2  
  57  5:03  Roach x5  
  57  5:07  Zergling x6, Roach  
  71  5:10  Overlord  
  74  5:20  Drone x2  
  74  5:23  Roach x2  
  74  5:26  Roach x2  
  82  5:31  Roach  
  83  5:36  Drone x4  
  83  5:37  Drone  
  88  5:45  Drone, Overlord  
  88  5:47  Drone  
  88  5:48  Lair  
  87  5:57  Drone x3, Overlord  
  90  6:02  Overlord  
  90  6:04  Drone  
  91  6:08  Roach x4  
  97  6:15  Drone, Extractor  
  97  6:16  Overlord  
  97  6:17  Evolution Chamber  
  96  6:19  Roach  
  96  6:21  Roach x2  
  96  6:25  Roach x2  
  106  6:26  Overlord  
  106  6:31  Drone  
  106  6:33  Roach x2  
  106  6:37  Overlord  
  106  6:39  Roach x2  
  113  6:42  Spine Crawler  
  112  6:50  Drone  
  112  6:52  Roach  
  115  6:58  Roach x3  
  115  7:00  Roach  
  115  7:01  Zergling x6  
  117  7:04  Roach  
  117  7:08  Roach x2  
  100  7:10  Roach x3  
  100  7:12  Roach  
  100  7:14  Zergling x2  
  101  7:15  Roach  
  101  7:18  Roach  
  101  7:21  Roach x3  
  100  7:24  Zergling x2, Roach  
  100  7:28  Roach  
  95  7:31  Zergling x2, Roach  
  95  7:34  Roach  
  91  7:40  Roach x2  
  84  7:45  Roach  
  84  7:46  Queen  
  84  7:49  Roach  
  84  7:50  Zergling x2  
  75  7:55  Roach  
  75  7:57  Roach x2  
  72  8:01  Roach x2  
  72  8:03  Roach  
  70  8:10  Roach x2  
  70  8:15  Roach  
  70  8:18  Roach  
  70  8:21  Roach  
  70  8:24  Roach  
  70  8:26  Ravager  
  68  8:28  Roach  
  68  8:33  Roach  
  71  8:35  Roach  
Tags
 
Add a new tag
Caveats
  • Supply blocks, unpowered buildings, or Contaminate may cause inaccurate times.
  • Supply counts are checked every 10 seconds.